 Dungeon Crawl Stone Soup version 0.20.1-1-g8b1a95d (webtiles) character file.

59733 Jazqa the Warrior (level 14, 0/140 HPs)
             Began as a Hill Orc Monk on Oct 28, 2017.
             Was a High Priest of Okawaru.
             Slain by a ghost moth (4 damage)
             ... on level 2 of the Lair of Beasts.
             The game lasted 00:48:50 (28468 turns).

Jazqa the Warrior (Hill Orc Monk)                  Turns: 28468, Time: 00:48:51

Health: 0/140      AC: 26    Str: 21 (22) XL:     14   Next: 96%
Magic:  0/21       EV: 19    Int: 10 (11) God:    Okawaru [*****.]
Gold:   1461       SH:  0    Dex: 16 (18) Spells: 13/13 levels left

rFire    . . .     SeeInvis .   O - +2 great mace (drain)
rCold    + . .     Gourm    .   (shield currently unavailable)
rNeg     . . .     Faith    .   U - +0 chain mail {MR+}
rPois    .         Spirit   .   s - +0 helmet {Int+3}
rElec    .         Reflect  .   Q - scarf {cloud immunity}
rCorr    .         Harm     .   F - +1 pair of gloves {Str+3}
MR       ++...                  w - +1 pair of boots
Stlth    ..........             b - amulet of magic regeneration
Regen    0.4/turn               C - ring of protection from cold
MPRegen  0.3/turn               y - ring of Robustness {AC+8}

@: agile, lethally poisoned (0 -> -34)
A: hooves 1, rugged brown scales 1, dopey 1, wild magic 1
a: Heroism, Finesse, Renounce Religion


You were on level 2 of the Lair of Beasts.
You worshipped Okawaru.
Okawaru was extremely pleased with you.
You were not hungry.

You visited 5 branches of the dungeon, and saw 23 of its levels.

You collected 2419 gold pieces.
You spent 958 gold pieces at shops.


Innate Abilities, Weirdness & Mutations

You have large cloven feet.
You are partially covered in rugged brown scales. (AC +1, +3% HP)
You are dopey. (Int -2)
Your spells are a little harder to cast, but a little more powerful.


   Skills:
 + Level 15.7 Fighting
 + Level 14.5 Maces & Flails
 - Level 10.0 Armour
 + Level 10.7 Dodging
 - Level 1.5 Stealth
 - Level 10.0 Invocations
 - Level 5.0 Evocations


You had 13 spell levels left.
You didn't know any spells.

Inventory:

Hand Weapons
 i - a +1 morningstar of freezing
 O - a +2 great mace of draining (weapon)
Missiles
 f - 3 throwing nets (quivered) {=f}
Armour
 s - a +0 helmet of intelligence (worn)
 t - the +4 ring mail of Ridaroups {rC+ rCorr}
   (You bought it in a shop on level 2 of the Orcish Mines)

   It protects you from cold.
   It protects you from acid and corrosion.
 w - a +1 pair of boots (worn)
 F - a +1 pair of gloves of strength (worn)
 H - a +0 chain mail of fire resistance
 Q - a scarf of cloud immunity (worn)
 U - a +0 chain mail of magic resistance (worn)
Magical Staves
 E - an uncursed staff of power {!a}
Jewellery
 b - an amulet of magic regeneration (around neck)
 c - an uncursed ring of protection from cold
 y - the ring of Robustness (right hand) {AC+8}
   (You found it on level 6 of the Dungeon)

   [ring of protection]

   It affects your AC (+8).
 C - a ring of protection from cold (left hand)
Wands
 k - a wand of disintegration (1/24)
 l - a wand of scattershot (4/9)
 n - a wand of iceblast (9/15)
 p - a wand of lightning (8/15)
 M - a wand of digging (14/24)
Scrolls
 a - 4 scrolls of magic mapping
 e - 5 scrolls of recharging
 g - 5 scrolls of amnesia
 j - 2 scrolls of fear
 o - 10 scrolls of teleportation {@r4}
 r - 8 scrolls of identify {@r1}
 v - 3 scrolls of holy word
 x - 4 scrolls of enchant weapon
 K - 2 scrolls of remove curse {@r2}
 S - a scroll of vulnerability {!r}
Potions
 d - 4 potions of flight
 h - 5 potions of brilliance
 D - 4 potions of magic
Books
 z - a book of Cantrips

   Spells                             Type                      Level
   a - Confusing Touch                Hexes                        1
   b - Animate Skeleton               Necromancy                   1
   c - Summon Small Mammal            Summoning                    1
   d - Apportation                    Translocation                1
 G - a book of Battle

   Spells                             Type                      Level
   a - Infusion                       Charms                       1
   b - Shroud of Golubria             Charms/Translocation         2
   c - Song of Slaying                Charms                       2
   d - Spectral Weapon                Hexes/Charms                 3
   e - Regeneration                   Charms/Necromancy            3
Miscellaneous
 J - a lamp of fire
Comestibles
 m - 10 meat rations {@e1}
 u - 12 fruits {@e2}
 B - a royal jelly {@e3}
 N - 13 bread rations {@e1}

Dungeon Overview and Level Annotations

Branches:
Dungeon (13/15)            Temple (1/1) D:5            Lair (6/6) D:10
 Shoals (0/4) Lair:2       Spider (1/4) Lair:2        Slime (0/5) Lair:6
    Orc (2/2) D:12            Elf (0/3) Orc:2
 Vaults: D:13-14

Altars:
Ashenzari
Elyvilon
Fedhas
Gozag
Hepliaklqana
Kikubaaqudgha
Makhleb
Nemelex Xobeh
Okawaru
Qazlal
Ru
Sif Muna
Trog
Uskayaw
Vehumet
Xom
Yredelemnul
Zin
The Shining One
Jiyva

Shops:
D:4 %   D:5 %   D:7 [   D:12 }   Orc:2 :[?*

Annotations:
D:4 1 runed door
Lair:4 exclusion: oklob plant

.P### ###........# #............
...P#####...#...#####............
.....P....####...#.##............
........### #.....####...........
......### ####...###...........
.......### ###...#.#..........
.........## #.#.../#...........
..........# ###.{....##..........
..........###...@.P...##.........
...........##...s..PP..P.........
.........####......#.............
........P# #P.......##...........
........## #........##..#........
.......#.###.........#.#.#P......
#......####............####......
##....P# ###..........##P≈≈≈≈≈≈≈
####### ###........##≈≈≈≈≈≈≈≈


You could see a redback.


Message History

All of the chunks of flesh in your inventory have rotted away.
Okay, then.
Okay, then.
Okay, then.
Okay, then.
Evoke which item? (* to show all) (? for menu, Esc to quit)
Okay, then.
Okay, then.
You feel strangely stable.
You feel magically purged.
* * * LOW HITPOINT WARNING * * *
You feel very sick.
The redback bites you but does no damage.
The redback closely misses you.
You feel you are being watched by something.
You feel your power leaking away. Something hits you.
* * * LOW HITPOINT WARNING * * *
You feel dopey. Something hits you but does no damage.
Something stings you but does no damage.
Okay, then.
Okay, then.
You feel agile all of a sudden.
* * * LOW HITPOINT WARNING * * *
You feel very sick. The redback misses you.
You feel you are being watched by something.
Something hits you.
You die...

Skill      XL: |  1  2  3  4  5  6  7  8  9 10 11 12 13 14 |
---------------+-------------------------------------------+-----
Fighting       | 4 5 6 7 8 9 10 11 13 14 15 | 15.7
Maces & Flails | 4 5 6 7 8 9 10 12 13 14 | 14.5
Armour         | 2 3 5 6 8 10 | 10.0
Dodging        | 3 4 5 6 7 8 9 10 | 10.7
Invocations    | 1 4 6 8 10 | 10.0
Evocations     | 3 5 |  5.0
Stealth        | |  1.5

Action                   |  1- 3 |  4- 6 |  7- 9 | 10-12 | 13-15 || total
-------------------------+-------+-------+-------+-------+-------++-------
Melee: Mace              |    94 |    38 |   222 |   199 |       ||   553
       Flail             |       |   152 |   235 |       |       ||   387
       Punch             |       |       |     2 |     2 |       ||     4
       Morningstar       |       |       |       |   281 |       ||   281
       Great mace        |       |       |       |   195 |   815 ||  1010
Invok: Heroism           |       |       |     6 |    14 |    18 ||    38
       Finesse           |       |       |       |     3 |     4 ||     7
Evoke: Wand              |       |     5 |    11 |       |       ||    16
  Use: Scroll            |       |     8 |     6 |     8 |     9 ||    31
       Potion            |       |     6 |     3 |     4 |     9 ||    22
 Stab: Sleeping          |     6 |     5 |     2 |       |       ||    13
       Distracted        |     1 |       |       |       |     1 ||     2
  Eat: Chunk             |     2 |     6 |     7 |    22 |    27 ||    64
       Royal jelly       |       |     1 |       |     2 |     2 ||     5
       Meat ration       |       |     1 |     2 |       |       ||     3
Armor: Robe              |    10 |       |       |       |       ||    10
       Ring mail         |    19 |    60 |   161 |   403 |   206 ||   849
       Skin              |       |    31 |       |       |       ||    31
       Chain mail        |       |       |       |       |   295 ||   295
Dodge: Dodged            |    69 |   116 |   292 |   631 |   689 ||  1797
Block: Buckler           |       |       |       |    35 |       ||    35

Vault maps used:
D:1:      eino_arrival_druids_welcome
D:2:      st_stairs_6
D:3:      old_standard_altar, minitemple
D:4:      first_bread, serial_shops, nicolae_shop_trees, uniq_crazy_yiuf_cottage
D:5:      bloody_makhleb, minmay_temple_entry_trees, serial_shops,
          nicolae_shop_behind_doors, kennysheep_generic_room_8, uniq_eustachio,
          uniq_menkaure
D:7:      serial_shops, kennysheep_little_box, nemelex_dance_club_becter
D:9:      yredelemnul_altar_generic
D:10:     dpeg_oklobed_lair
D:11:     nrook_guardian_serpent_snake_passage
D:12:     serial_shops, nicolae_shop_stone
D:13:     grunt_vaults_entry_tiered, portal_ice_cave_entry_pillars_2,
          basic_altar, serial_ice, serial_ice_l, serial_ice_m, serial_ice_n,
          serial_ice_c, serial_ice_f, serial_ice_o, uniq_nessos, uniq_erolcha
Temple:   eino_wide_crystal_templ
Lair:1:   serial_bayou_lake_a, uniq_prince_ribbit2
Lair:2:   minmay_shoals_entry_hut, dummy_spider_entry
Lair:3:   grunt_megastairs_1, infiniplex_staircase_pool
Lair:4:   st_stairs_10, minivault_26, minmay_lair_oklob_chamber
Lair:5:   infiniplex_staircase_pool_2
Lair:6:   cheibrodos_lair_end_hotspot, slime_altar_1
Spider:1: spider_trap
Orc:1:    okawaru_metal_pillars_1_2
Orc:2:    grunt_orc_gardens, grunt_orc_garden, grunt_orc_garden,
          grunt_orc_garden, grunt_orc_garden, serial_shops, shop,
          nicolae_orc_tapped_out

Notes
Turn   | Place    | Note
-------+----------+-------------------------------------------
     0 | D:1      | Jazqa the Hill Orc Monk began the quest for the Orb.
     0 | D:1      | Reached XP level 1. HP: 19/19 MP: 1/1
   373 | D:1      | Reached XP level 2. HP: 22/27 MP: 2/2
   692 | D:2      | Reached skill level 4 in Fighting
   952 | D:2      | Reached skill level 4 in Maces & Flails
   976 | D:2      | Reached XP level 3. HP: 33/33 MP: 3/3
  1695 | D:2      | Reached XP level 4. HP: 27/41 MP: 4/4
  2080 | D:3      | Found an opulent altar of Gozag.
  2334 | D:3      | Reached skill level 5 in Fighting
  2559 | D:3      | Found a stormy altar of Qazlal.
  2575 | D:3      | Found a deep blue altar of Sif Muna.
  2580 | D:3      | Found a sacrificial altar of Ru.
  2824 | D:3      | Reached XP level 5. HP: 41/48 MP: 5/5
  2922 | D:3      | Gained mutation: You are dopey. (Int -2) [potion of mutation]
  2922 | D:3      | Gained mutation: You are covered in fur. (AC +1) [potion of mutation]
  2922 | D:3      | Gained mutation: You have a pair of small antennae on your head. [potion of mutation]
  2922 | D:3      | Gained mutation: Your muscles are strong. (Str +2) [potion of mutation]
  2931 | D:3      | Reached skill level 5 in Maces & Flails
  3561 | D:4      | Found a runed door.
  3709 | D:4      | Reached skill level 6 in Fighting
  3709 | D:4      | Reached XP level 6. HP: 37/57 MP: 6/6
  3938 | D:4      | Found Rumoew's Food Shoppe.
  4754 | D:5      | Entered Level 5 of the Dungeon
  4914 | D:5      | Noticed Menkaure
  5073 | D:5      | Reached skill level 6 in Maces & Flails
  5338 | D:5      | Killed Menkaure
  5338 | D:5      | Reached skill level 7 in Fighting
  5338 | D:5      | Reached XP level 7. HP: 13/66 MP: 7/7
  6088 | D:5      | Reached skill level 1 in Armour
  6311 | D:5      | Found Siuwk's Food Boutique.
  6696 | D:5      | Found a burning altar of Makhleb.
  6836 | D:5      | Found a staircase to the Ecumenical Temple.
  6850 | Temple   | Entered the Ecumenical Temple
  6936 | Temple   | Became a worshipper of Warmaster Okawaru
  6936 | Temple   | Reached * piety under Okawaru
  6936 | Temple   | Reached ** piety under Okawaru
  7040 | D:5      | Reached skill level 3 in Dodging
  7241 | D:5      | Reached skill level 2 in Armour
  7241 | D:5      | Reached skill level 1 in Invocations
  7241 | D:5      | Reached XP level 8. HP: 35/74 MP: 8/8
  7606 | D:6      | Reached skill level 7 in Maces & Flails
  7840 | D:6      | Reached skill level 8 in Fighting
  7858 | D:6      | Reached skill level 2 in Invocations
  8692 | D:6      | Reached skill level 3 in Armour
  8809 | D:6      | Reached skill level 3 in Invocations
  9099 | D:7      | Found a sparkling altar of Nemelex Xobeh.
  9174 | D:7      | Reached skill level 4 in Invocations
  9421 | D:7      | Reached skill level 4 in Dodging
  9421 | D:7      | Reached XP level 9. HP: 81/82 MP: 12/12
  9525 | D:7      | Reached skill level 4 in Armour
  9585 | D:7      | Reached skill level 9 in Fighting
  9899 | D:7      | Found Ciud's Armour Shoppe.
  9907 | D:7      | Reached *** piety under Okawaru
 10113 | D:8      | Noticed a two-headed ogre
 10125 | D:8      | Killed a two-headed ogre
 10125 | D:8      | Reached skill level 8 in Maces & Flails
 10125 | D:8      | Reached skill level 5 in Invocations
 10308 | D:8      | Noticed a two-headed ogre
 10670 | D:8      | Killed a two-headed ogre
 10670 | D:8      | Reached **** piety under Okawaru
 10670 | D:8      | Reached skill level 5 in Armour
 10670 | D:8      | Reached skill level 5 in Dodging
 10670 | D:8      | Reached skill level 6 in Invocations
 10670 | D:8      | Reached XP level 10. HP: 93/93 MP: 11/14
 10950 | D:8      | Reached ***** piety under Okawaru
 11236 | D:9      | Reached skill level 10 in Fighting
 11239 | D:9      | Found a basalt altar of Yredelemnul.
 11413 | D:9      | Received a gift from Okawaru
 11413 | D:9      | Reached skill level 9 in Maces & Flails
 11454 | D:9      | Noticed keltmir's ghost (novice MiFi)
 11807 | D:9      | Reached skill level 7 in Invocations
 11843 | D:9      | Killed keltmir's ghost
 11843 | D:9      | Reached skill level 6 in Armour
 12007 | D:10     | Entered Level 10 of the Dungeon
 12799 | D:10     | Found a staircase to the Lair.
 12799 | D:10     | Noticed an oklob plant
 12903 | D:10     | Reached skill level 8 in Invocations
 12921 | D:10     | Killed an unseen horror
 12921 | D:10     | Received a gift from Okawaru
 12921 | D:10     | Reached skill level 6 in Dodging
 13139 | D:10     | Reached XP level 11. HP: 99/101 MP: 17/17
 13269 | D:10     | Killed an oklob plant
 13269 | D:10     | Reached skill level 7 in Armour
 13313 | Lair:1   | Entered Level 1 of the Lair of Beasts
 13409 | Lair:1   | Noticed a five-headed hydra
 13419 | Lair:1   | Killed a five-headed hydra
 13419 | Lair:1   | Reached skill level 10 in Maces & Flails
 13459 | Lair:1   | Reached skill level 11 in Fighting
 13756 | Lair:1   | Noticed Prince Ribbit
 13781 | Lair:1   | Reached skill level 9 in Invocations
 13785 | Lair:1   | Killed Prince Ribbit
 14963 | Lair:2   | Found a hole to the Spider Nest.
 15083 | Lair:2   | Reached skill level 8 in Armour
 15635 | Lair:2   | Found a staircase to the Shoals.
 15738 | Lair:2   | Reached skill level 7 in Dodging
 15738 | Lair:2   | Reached skill level 10 in Invocations
 16311 | Lair:3   | Received a gift from Okawaru
 16311 | Lair:3   | Reached XP level 12. HP: 111/111 MP: 19/19
 16610 | Lair:3   | Reached skill level 12 in Fighting
 16752 | Lair:3   | Reached skill level 11 in Maces & Flails
 16763 | Lair:3   | Reached skill level 9 in Armour
 17566 | Lair:4   | Noticed a four-headed hydra
 17578 | Lair:4   | Killed a four-headed hydra
 17578 | Lair:4   | Received a gift from Okawaru
 18582 | Lair:6   | Entered Level 6 of the Lair of Beasts
 18619 | Lair:6   | Reached skill level 8 in Dodging
 18635 | Lair:6   | Reached skill level 13 in Fighting
 18635 | Lair:6   | Reached skill level 10 in Armour
 19086 | Lair:6   | Reached skill level 12 in Maces & Flails
 19086 | Lair:6   | Reached XP level 13. HP: 96/122 MP: 20/20
 19584 | Lair:6   | Received a gift from Okawaru
 19938 | Lair:6   | Found a staircase to the Slime Pits.
 19939 | Lair:6   | Found a viscous altar of Jiyva.
 19978 | Lair:6   | Reached skill level 9 in Dodging
 20360 | Lair:6   | Reached skill level 1 in Evocations
 20694 | Lair:6   | Reached skill level 2 in Evocations
 20720 | Lair:6   | Reached skill level 13 in Maces & Flails
 20947 | Lair:6   | Reached skill level 14 in Fighting
 21147 | Lair:6   | Reached skill level 3 in Evocations
 21218 | Lair:6   | Found a large runed door.
 21218 | Lair:6   | Found a large runed door.
 21477 | Lair:6   | Noticed a fire dragon
 21661 | Lair:6   | Received a gift from Okawaru
 22672 | D:11     | Reached XP level 14. HP: 102/133 MP: 21/21
 22802 | D:11     | Reached skill level 4 in Evocations
 23714 | D:12     | Found Rehesi's Gadget Shop.
 23869 | D:12     | Found a staircase to the Orcish Mines.
 24068 | Orc:1    | Entered Level 1 of the Orcish Mines
 24392 | Orc:1    | Found an iron altar of Okawaru.
 24541 | Orc:1    | Reached skill level 15 in Fighting
 24541 | Orc:1    | Reached skill level 10 in Dodging
 24546 | Orc:1    | Reached skill level 5 in Evocations
 24832 | Orc:2    | Entered Level 2 of the Orcish Mines
 24832 | Orc:2    | Found Jopaple's Antique Armour Shop.
 25374 | Orc:2    | Lost mutation: Your muscles are strong. (Str +2) [potion of mutation]
 25374 | Orc:2    | Lost mutation: You have a pair of small antennae on your head. [potion of mutation]
 25374 | Orc:2    | Lost mutation: You are covered in fur. (AC +1) [potion of mutation]
 25374 | Orc:2    | Lost mutation: You are dopey. (Int -2) [potion of mutation]
 25374 | Orc:2    | Gained mutation: You tend to lose your temper in combat. [potion of mutation]
 25374 | Orc:2    | Gained mutation: You have a pair of small antennae on your head. [potion of mutation]
 25374 | Orc:2    | Gained mutation: You have large cloven feet. [potion of mutation]
 25374 | Orc:2    | Lost mutation: You tend to lose your temper in combat. [potion of mutation]
 25375 | Orc:2    | Lost mutation: You have large cloven feet. [potion of mutation]
 25375 | Orc:2    | Lost mutation: You have a pair of small antennae on your head. [potion of mutation]
 25375 | Orc:2    | Gained mutation: You are dopey. (Int -2) [potion of mutation]
 25375 | Orc:2    | Gained mutation: You are partially covered in rugged brown scales. (AC +1, +3% HP) [potion of mutation]
 25375 | Orc:2    | Gained mutation: Your spells are a little harder to cast, but a little more powerful. [potion of mutation]
 25375 | Orc:2    | Gained mutation: You have large cloven feet. [potion of mutation]
 25376 | Orc:2    | Bought a runed helmet for 270 gold pieces
 25420 | Orc:2    | Found Zaos's Magic Scroll Emporium.
 25649 | Orc:2    | Noticed an orc warlord
 25968 | Orc:1    | Reached skill level 14 in Maces & Flails
 25975 | Orc:1    | HP: 13/139 [orc warrior/flail (14)]
 26324 | Orc:2    | Killed an orc warlord
 26720 | Orc:2    | Found Ymmoalouso's Antique Weapon Shoppe.
 27127 | Orc:2    | Found a staircase to the Elven Halls.
 27169 | Orc:2    | Received a gift from Okawaru
 27199 | Orc:2    | Found Kusucvat's General Store.
 27418 | Orc:2    | Found Suxkuzxius's Book Boutique.
 27563 | Orc:2    | Bought a transparent ring mail for 324 gold pieces
 27564 | Orc:2    | Identified the +4 ring mail of Ridaroups {rC+ rCorr} (You bought it in a shop on level 2 of the Orcish Mines)
 27618 | Orc:2    | Bought a scroll of recharging for 133 gold pieces
 27618 | Orc:2    | Bought a scroll of enchant weapon for 105 gold pieces
 27618 | Orc:2    | Bought a scroll of teleportation for 42 gold pieces
 27670 | Orc:2    | Bought a scroll of identify for 28 gold pieces
 27670 | Orc:2    | Bought a scroll of identify for 28 gold pieces
 27670 | Orc:2    | Bought a scroll of identify for 28 gold pieces
 28222 | Spider:1 | Entered Level 1 of the Spider Nest
 28466 | Lair:2   | HP: 12/140 [redback (7)]
 28468 | Lair:2   | HP: 4/140 [poisoned by a redback]
 28468 | Lair:2   | Slain by a ghost moth

Vanquished Creatures
  An orc warlord (Orc:2)
  2 ettins
  A fire dragon (Lair:6)
  5 hydras
  4 two-headed ogres
  The ghost of keltmir the Carver, a novice MiFi of Makhleb (D:9)
  4 death yaks (Lair:6)
  5 orc high priests
  2 unseen horrors
  A lindwurm (Lair:6)
  2 orc knights (Orc:2)
  2 cyclopes
  8 orc sorcerers
  An ugly thing (D:11)
  A manticore (D:12)
  An oklob plant (D:10)
  11 black mambas
  2 guardian serpents (D:11)
  5 elephants (Lair:6)
  2 molten gargoyles (Lair:6)
  A gargoyle (D:11)
  9 spiny frogs
  2 torpor snails
  2 rime drakes
  10 komodo dragons
  5 trolls
  Prince Ribbit (Lair:1)
  6 hippogriffs
  A snapping turtle (Lair:2)
  13 blink frogs
  5 dream sheep (Lair:6)
  A shadow (D:11)
  2 redbacks (Lair:2)
  3 wraiths (D:12)
  A tarantella (Lair:2)
  4 wyverns
  A water elemental (D:12)
  21 yaks
  5 basilisks
  2 steam dragons (Lair:6)
  Menkaure (D:5)
  3 wargs
  15 water moccasins
  5 hell hounds (Lair:6)
  5 porcupines
  3 black bears
  27 orc warriors
  A necrophage (D:11)
  2 phantoms
  An eye of draining (D:11)
  4 centaurs
  3 sky beasts
  3 wolves (Lair:1)
  5 ogres
  12 crocodiles
  3 big kobolds
  8 bullfrogs
  A wyvern zombie (D:5)
  5 scorpions
  11 killer bees
  2 electric eels
  5 wights (D:11)
  3 howler monkeys (D:9)
  6 crimson imps
  5 lava snakes (Lair:6)
  3 bullfrog zombies
  A centaur zombie (D:7)
  12 orc priests
  6 hounds
  2 jellies
  17 orc wizards
  3 bullfrog skeletons
  7 iguanas
  9 worker ants
  A hound zombie (D:8)
  2 hound skeletons (D:5)
  11 adders
  12 gnolls
  2 howler monkey zombies
  4 shadow imps
  An ooze (D:7)
  An adder skeleton (D:5)
  2 worms
  4 leopard geckos
  60 orcs
  5 giant cockroaches
  7 hobgoblins
  6 jackals
  2 quokkas
  A ball python (D:2)
  6 bats
  4 frilled lizards
  4 goblins
  22 kobolds
  A leopard gecko skeleton (D:5)
  8 rats
  2 fungi (Orc:2)
  2 plants (D:10)
525 creatures vanquished.

Vanquished Creatures (others)
  A jackal (D:9)
  9 fungi
  7 plants
17 creatures vanquished.

Grand Total: 542 creatures vanquished
